 Dungeon Crawl Stone Soup version 0.24-b1-44-g37ad8b309f (webtiles) character file.

Game seed: 353681138361113972, levelgen mode: deterministic

220 Ruokin the Shield-Bearer (level 6, 0/47 HPs)
             Began as a Human Fighter on Oct 23, 2019.
             Killed by nerve-wracking pain
             ... invoked by a shadow imp
             ... summoned by Eustachio
              (7 damage)
             ... on level 4 of the Dungeon.
             The game lasted 00:12:33 (3446 turns).

Ruokin the Shield-Bearer (Human Fighter)            Turns: 3446, Time: 00:12:33

Health: 0/47       AC: 15    Str: 18    XL:     6   Next: 18%
Magic:  6/6        EV:  7    Int:  9    God:
Gold:   93         SH:  9    Dex: 12    Spells: 5/5 levels left

rFire    . . .     SeeInvis .   t - +0 mace (protect)
rCold    . . .     Gourm    .   c - +0 shield
rNeg     . . .     Faith    .   b - +0 scale mail
rPois    .         Spirit   .   (no helmet)
rElec    .         Reflect  .   v - +0 cloak
rCorr    +         Harm     .   (no gloves)
MR       .....                  (no boots)
Stlth    ..........             (no amulet)
HPRegen  0.15/turn              l - ring of resist corrosion
MPRegen  0.10/turn              (no ring)

@: protection aura
A: no striking features
a: no special abilities


You were on level 4 of the Dungeon.
You were near starving.

You visited 1 branch of the dungeon, and saw 4 of its levels.

You collected 93 gold pieces.

Inventory:

Hand Weapons
 a - a +0 long sword
 o - a +4 short sword of speed
 t - a +0 mace of protection (weapon)
 u - a +2 quarterstaff of chaos
 x - a +0 scythe
Armour
 b - a +0 scale mail (worn)
 c - a +0 shield (worn)
 n - a +0 pair of boots
 v - a +0 cloak (worn)
Jewellery
 l - a ring of resist corrosion (left hand)
Scrolls
 i - a scroll of enchant weapon {unknown}
 j - a scroll of teleportation {unknown}
 k - 2 scrolls of remove curse
 q - a scroll of blinking {unknown}
 r - 2 scrolls of amnesia {unknown}
 w - a scroll of fear {unknown}
Potions
 d - a potion of haste {unknown}
 e - 3 potions of brilliance
 g - a potion of degeneration {unknown}
 h - a potion of curing
 m - a potion of flight {unknown}
 p - a potion of lignification
 s - a potion of invisibility {unknown}
Comestibles
 f - 13 rations


   Skills:
 + Level 3.5 Fighting
 + Level 4.0 Long Blades
 + Level 1.0 Maces & Flails
 + Level 3.4 Armour
 + Level 0.6 Dodging
 + Level 4.2 Shields


You had 5 spell levels left.
You didn't know any spells.
Your spell library was empty.

Dungeon Overview and Level Annotations

Branches:
Dungeon (4/15)
 Temple: D:4-7

Altars:
Cheibriados
Kikubaaqudgha
Nemelex Xobeh

Annotations:
D:4 Eustachio


Message History

* * * LOW HITPOINT WARNING * * *
The shadow imp hits you but does no damage.
You block the shadow imp's attack.
Eustachio casts a spell.
You block the bat's attack.
You sock the shadow imp!
Your weapon exudes an aura of protection.
The shadow imp is almost dead.
You block the bat's attack. The bat hits you but does no damage.
The shadow imp hits you but does no damage.
Eustachio screams, "Hey, you killed my favourite bat!"
Eustachio gestures wildly while chanting.
Eustachio blinks!
The shadow imp hits you but does no damage.
The bat hits you but does no damage. You block the shadow imp's attack.
The shadow imp disappears in a puff of smoke!
The bat barely misses you. The shadow imp gestures at you.
Pain shoots through your body!
You die...

#..........# #.#
#.....<...## #..
##.....#.## #.##
#.####..## #
#.####..##....##
#.###@.##......##..#
#.#.......###..###..
##....§.....##..###..
#...@.55..§....?.....
#....b.r.5............
.........r..)..........#
###.....................
##....................
##...................
#...................
#...................


You could see Eustachio, a river rat, 2 shadow imps, an ufetubus, a bat and a
rat.

Vanquished Creatures
  An orc priest (D:3)
  Crazy Yiuf (D:2)
  Terence (D:2)
  Robin (D:2)
  3 adders
  3 worms
  4 dart slugs
  A leopard gecko (D:1)
  4 orcs (D:3)
  11 bats
  5 giant cockroaches
  10 goblins (D:2)
  5 hobgoblins
  4 jackals (D:2)
  6 kobolds
  2 quokkas (D:2)
  2 ball pythons
  A ball python skeleton (D:2)
  5 frilled lizards
  6 rats
76 creatures vanquished.

Notes
Turn   | Place    | Note
-------+----------+-------------------------------------------
     0 | D:1      | Ruokin the Human Fighter began the quest for the Orb.
     0 | D:1      | Reached XP level 1. HP: 18/18 MP: 1/1
    95 | D:1      | Reached XP level 2. HP: 21/24 MP: 2/2
   305 | D:1      | Reached XP level 3. HP: 28/29 MP: 3/3
   753 | D:2      | Noticed Robin
   787 | D:2      | Reached XP level 4. HP: 17/35 MP: 4/4
   832 | D:2      | Killed Robin
  1073 | D:2      | Noticed Terence
  1092 | D:2      | Killed Terence
  1118 | D:2      | Reached XP level 5. HP: 28/41 MP: 5/5
  1458 | D:2      | Found a runed translucent door.
  1459 | D:2      | Noticed Crazy Yiuf
  1471 | D:2      | Killed Crazy Yiuf
  1751 | D:2      | Found a sparkling altar of Nemelex Xobeh.
  1752 | D:2      | Found an ancient bone altar of Kikubaaqudgha.
  2144 | D:3      | Found a snail-covered altar of Cheibriados.
  2273 | D:3      | Reached XP level 6. HP: 5/47 MP: 6/6
  3390 | D:4      | Reached skill level 1 in Maces & Flails
  3399 | D:4      | Noticed Eustachio
  3446 | D:4      | Killed from afar by a shadow imp

Skill      XL: |  1  2  3  4  5  6 |
---------------+-------------------+-----
Long Blades    | 3 4 |  4.0
Shields        | 4 |  4.2
Maces & Flails | 1 |  1.0
Fighting       | |  3.5
Armour         | |  3.4
Dodging        | |  0.6

Action                   |  1- 3 |  4- 6 || total
-------------------------+-------+-------++-------
Melee: Long sword        |    76 |    84 ||   160
       Mace              |       |   133 ||   133
  Use: Potion            |     1 |     4 ||     5
       Scroll            |       |     3 ||     3
  Eat: Ration            |       |     2 ||     2
Armor: Scale mail        |    30 |   171 ||   201
Dodge: Dodged            |    29 |   115 ||   144
Block: Shield            |    39 |   157 ||   196
       Rpst.: Long sword |     6 |     9 ||    15
